 Dungeon Crawl Stone Soup version 0.30-a0-743-gbfdf073431 (webtiles) character file.

Game seed: 4375660381243138373

151 IdlyInterested the Slasher (level 5, -5/42 HPs)
             Began as a Formicid Monk on Feb 7, 2023.
             Slain by Grinder (9 damage)
             ... on level 3 of the Dungeon.
             The game lasted 00:06:49 (1869 turns).

IdlyInterested the Slasher (Formicid Monk)          Turns: 1869, Time: 00:06:49

Health: -5/42      AC:  7    Str: 15    XL:     5   Next: 59%
Magic:  5/5        EV: 10    Int: 10    God:
Gold:   17         SH:  0    Dex: 18    Spells: 4/4 levels left

rFire   . . .      SeeInvis +    a - +0 falchion
rCold   . . .      Faith    .    (no shield)
rNeg    . . .      Spirit   .    d - +0 scale mail
rPois   .          Reflect  .    (helmet unavailable)
rElec   .          Harm     .    (no cloak)
rCorr   .          Rampage  .    h - +0 pair of gloves
Will    .....                    (no boots)
Stlth   +                        (no amulet)
HPRegen 0.27/turn                (no ring)
MPRegen 0.09/turn                (no ring)

@: no status effects
A: permanent stasis, dig shafts and tunnels, antennae 3, four strong arms
a: Dig, Shaft Self


You were on level 3 of the Dungeon.
You visited 1 branch of the dungeon, and saw 3 of its levels.

You collected 91 gold pieces.
You spent 74 gold pieces at shops.

Inventory:

Hand Weapons
 a - a +0 falchion (weapon)
 m - a +0 rapier
Missiles
 f - 3 poisoned darts (quivered)
 o - 5 boomerangs
 r - 17 stones
Armour
 d - a +0 scale mail (worn)
 h - a +0 pair of gloves (worn)
Scrolls
 b - a scroll of fog {unknown}
 e - a scroll of magic mapping {unknown}
 l - a scroll of brand weapon {unknown}
 p - 2 scrolls of identify {unknown}
 q - a scroll of blinking {unknown}
 t - a scroll of vulnerability {unknown}
Potions
 g - a potion of heal wounds {unknown}
 i - 3 potions of degeneration {unknown}
 j - 3 potions of lignification {unknown}
 k - a potion of flight {unknown}
 n - a potion of mutation {unknown}
 s - a potion of haste {unknown}


   Skills:
 - Level 4.0 Fighting
 * Level 4.3 Long Blades
 + Level 2.8 Dodging
 - Level 2.4 Stealth
 * Level 3.9 Shields


You had 4 spell levels left.
You didn't know any spells.
Your spell library contained the following spells:

 Spells                   Type           Power      Damage    Failure   Level
 Portal Projectile        Hex/Tloc       0%         N/A       99%         3
 Tukima's Dance           Hex            0%         N/A       99%         3
 Blade Hands              Tmut           0%         N/A       100%        5


Dungeon Overview and Level Annotations

Branches:
Dungeon (3/15)

Altars:

Shops:
D:1 *

Annotations:
D:3 Grinder


Innate Abilities, Weirdness & Mutations

You cannot be hasted, slowed, berserked, paralysed or teleported.
You can dig through walls and to a lower floor.
You have a pair of large antennae on your head. (SInv)
Your four strong arms can wield two-handed weapons with a shield.


Message History

* * * LOW HITPOINT WARNING * * *
Grinder closely misses you.
You hit Grinder.
Grinder is moderately wounded.
You feel less invigorated.
You feel less confused. Grinder hits you but does no damage.
You closely miss Grinder.
Grinder is moderately wounded.
Grinder barely misses you.
You hit Grinder but do no damage.
Grinder is moderately wounded.
Grinder blinks!
Throw: 5 boomerangs
Press: ? - help, Shift-Dir - straight line, f - Grinder
Aim: Grinder (moderately wounded, 60% to hit)
You throw a boomerang. The boomerang hits Grinder.
Grinder is heavily wounded.
Throw: 5 boomerangs
Press: ? - help, Shift-Dir - straight line, f/p - Grinder
Aim: Grinder (heavily wounded, 60% to hit)
You throw a boomerang. The boomerang hits Grinder.
Grinder is heavily wounded.
Throw: 5 boomerangs
Press: ? - help, Shift-Dir - straight line, f/p - Grinder
Aim: Grinder (heavily wounded, 60% to hit)
You throw a boomerang. The boomerang hits Grinder.
Grinder is severely wounded.
You hit Grinder but do no damage. You punch Grinder.
Grinder is severely wounded.
Grinder closely misses you.
You barely miss Grinder.
Grinder is severely wounded.
Grinder gestures at you. Pain shoots through your body!
* * * LOW HITPOINT WARNING * * *
You hit Grinder but do no damage.
Grinder is severely wounded.
Grinder hits you!
You die...

.# ..##
#......####
#...##
+.........#
#.....#
#.........#
...#
#?........#
..#.#
+.........# ..#
. #.........#
...# ..
#...)5†..#
##^..
...###...@.#..#
####
...........$..#
.........!....#
##.....†<....##
#.............#
#...........#.#
###...........#
#...........#
#..........##


You could see Grinder.

Vanquished Creatures
  Natasha (D:3)
  Robin (D:2)
  2 adders (D:3)
  3 gnolls (D:2)
  2 worms (D:2)
  2 dart slugs
  An orc (D:3)
  5 bats
  An endoplasm (D:3)
  6 giant cockroaches
  11 goblins
  6 hobgoblins
  5 kobolds
  A quokka (D:3)
  2 ball pythons (D:1)
  3 frilled lizards
  5 rats
57 creatures vanquished.

Notes
Turn   | Place    | Note
-------+----------+-------------------------------------------
     0 | D:1      | IdlyInterested the Formicid Monk began the quest for the
                  | Orb.
     0 | D:1      | Reached XP level 1. HP: 18/18 MP: 1/1
    82 | D:1      | Found Xecyil's Assorted Antiques.
    86 | D:1      | Reached skill level 1 in Shields
    86 | D:1      | Reached XP level 2. HP: 24/24 MP: 2/2
   596 | D:1      | Bought a golden potion for 18 gold pieces
   702 | D:2      | Reached XP level 3. HP: 11/29 MP: 3/3
   834 | D:1      | Bought a white potion for 18 gold pieces
  1061 | D:2      | Reached XP level 4. HP: 25/37 MP: 4/4
  1238 | D:2      | Noticed Robin
  1289 | D:2      | Killed Robin
  1443 | D:2      | Identified the +2 helmet "Ditam" {Dex+2}
  1629 | D:1      | Bought a murky purple potion for 18 gold pieces
  1629 | D:1      | Bought a scroll labelled GOARAD YKLAS for 20 gold pieces
  1724 | D:3      | Reached XP level 5. HP: 42/42 MP: 5/5
  1833 | D:3      | Noticed Natasha
  1838 | D:3      | Noticed Grinder
  1842 | D:3      | Killed Natasha
  1869 | D:3      | Slain by Grinder

Illustrated notes

Levels and vault maps discovered:
D:1:      minmay_arrival_radiant_lines, layout_loops_ring, serial_shops,
          nicolae_square_shop
D:2:      layout_rooms, dk_noncrumbling_3, uniq_robin
D:3:      layout_basic, nicolae_overflow_ecumenical_swirl, minmay_bisected,
          uniq_ijyb, uniq_grinder, uniq_natasha

Skill      XL: |  1  2  3  4  5 |
---------------+----------------+-----
Shields        | 1 2 3 |  3.9
Long Blades    | 4 |  4.3
Fighting       | 4 |  4.0
Dodging        | |  2.8
Stealth        | |  2.4

Action                     |  1- 3 |  4- 6 || total
---------------------------+-------+-------++-------
  Melee: Falchion          |    70 |   133 ||   203
         Punch             |       |     4 ||     4
  Throw: Boomerang         |     2 |     3 ||     5
         Dart              |     1 |     2 ||     3
    Use: Potion            |       |     1 ||     1
 Armour: Scale mail        |    26 |    68 ||    94
  Dodge: Dodged            |    45 |    83 ||   128

Table legend: (Time is in decaauts)
 A = Elapsed time spent in this place.
 B = Non-inter-level travel time spent in this place.
 C = Inter-level travel time spent in this place.
 D = Time resting spent in this place.
 E = Time spent auto-exploring this place.
 F = Levels seen in this place.
 G = Mean time per level.
                   A        B        C        D        E       F      G
               +--------+--------+--------+--------+--------+-----+--------+
         Total |   1893 |   1558 |    335 |    242 |    699 |   3 |  631.0 |
       Dungeon |   1893 |   1558 |    335 |    242 |    699 |   3 |  631.0 |
               +--------+--------+--------+--------+--------+-----+--------+

Top non-repeatable levels by time:
     D:2: 948 daAuts
     D:1: 827 daAuts
     D:3: 117 daAuts
